 Dungeon Crawl Stone Soup version 0.14-a0-942-gbd853f2 (webtiles) character file.

187 PolkaDot the Ruffian (level 3, -14/35 HPs)
             Began as a Troll Death Knight on Nov 19, 2013.
             Was a Believer of Yredelemnul.
             Shot with an arrow of flame by a centaur (23 damage)
             ... on Level 3 of the Dungeon.
             The game lasted 00:02:57 (1326 turns).

PolkaDot the Ruffian (Troll Death Knight)           Turns: 1326, Time: 00:02:57

HP -14/35        AC  5     Str 21      XL: 3   Next: 92%
MP   4/4         EV  9     Int  7      God: Yredelemnul [**....]
Gold 122         SH  0     Dex 10      Spells:  0 memorised,  2 levels left

Res.Fire  : . . .   See Invis. : .     - Unarmed
Res.Cold  : . . .   Warding    : .   b - +0 robe
Life Prot.: + . .   Conserve   : .   (shield restricted)
Res.Poison: .       Res.Corr.  : .   (helmet restricted)
Res.Elec. : .       Clarity    : .   (no cloak)
Sust.Abil.: . .     Spirit.Shd : .   (gloves unavailable)
Res.Mut.  : .       Stasis     : .   (boots unavailable)
Res.Rott. : .       Flight     : +   (no amulet)
Gourmand  : +                        (no ring)
                                     j - ring of positive energy {unknown}

@: flying, very slightly contaminated, hasted, very quick, not resistant to
hostile enchantments, unstealthy
A: unfitting armour, claws 3, fast metabolism 3, gourmand, regeneration 2,
saprovore 2, shaggy fur 1, tough skin 2
a: Animate Remains, Recall Undead Slaves, Injury Mirror, Renounce Religion


You were on level 3 of the Dungeon.
You worshipped Yredelemnul.
Yredelemnul was pleased with you.
You were very full.

You visited 1 branch of the dungeon, and saw 3 of its levels.

You collected 122 gold pieces.

Inventory:

Armour
 b - a +0 robe (worn)
Comestibles
 a - 3 meat rations
 i - 2 chunks of hobgoblin flesh
 m - a chunk of bat flesh
 q - a chunk of bat flesh
Scrolls
 c - 2 scrolls of enchant weapon II {unknown}
 d - a scroll of enchant armour {unknown}
 f - a scroll of blinking {unknown}
 h - 2 scrolls of identify {unknown}
 k - 3 scrolls of remove curse {unknown}
 l - a scroll of amnesia {unknown}
 p - a scroll of fear {unknown}
Jewellery
 j - a ring of positive energy (left claw) {unknown}
Potions
 g - a potion of restore abilities {unknown}
 n - a potion of flight
 o - a potion of curing {unknown}


   Skills:
 - Level 1.5 Fighting
 - Level 1.2 Dodging
 * Level 3.4 Unarmed Combat
 + Level 3.3 Invocations


You had 2 spell levels left.
You didn't know any spells.

Dungeon Overview and Level Annotations

Branches:
Dungeon (3/16)

Altars:


Innate Abilities, Weirdness & Mutations

You are too large for most types of armour.
You have claws for hands.
Your metabolism is lightning-fast.
You like to eat raw meat.
You heal very quickly.
You can eat rotten meat.
You are covered in fur (AC +1).
You have very tough skin (AC +2).


Message History

an arrow of flame; a viscous purple potion A centaur is nearby!
The centaur shoots an arrow of flame.
The arrow of flame hits you!
One of your 4 scrolls labeled OSEIMN OFEMYAPTE catches fire!
The centaur shoots an arrow of flame.
The arrow of flame hits you!
The centaur shoots an arrow of flame.
The arrow of flame hits you!
You see here 2 arrows of flame.
You are too injured to fight recklessly!
Drink which item? (? for menu, Esc to quit)
You feel yourself speed up.
It was a potion of speed.
The centaur shoots an arrow of flame.
The arrow of flame hits you!
* * * LOW HITPOINT WARNING * * *
You are very lightly contaminated with residual magic.
Drink which item? (? for menu, Esc to quit)
You feel very buoyant.
You fly up into the air.
It was a potion of flight.
The centaur shoots an arrow of flame.
The arrow of flame hits you!
Ouch! That really hurt!
You die...
Your body rises from the dead as a mindless zombie.

#...# #...# #...# ##%##
# #.#
#.##########.#########
##....(...............>
#.........###.#########
#.....@...# #[#
#.........# #.#
#........%.....
#...%........)..
#................
#....=..........>#
....c.........>.#
################


You could see a centaur.

Vanquished Creatures
  Ijyb (D:2)
  An adder (D:2)
  An ooze (D:1)
  4 bats
  6 hobgoblins
  A quokka (D:2)
  A giant cockroach (D:1)
  A giant newt (D:2)
  5 goblins
  5 jackals (D:1)
  6 kobolds
  3 rats (D:1)
35 creatures vanquished.

Notes
Turn   | Place    | Note
--------------------------------------------------------------
     0 | D:1      | PolkaDot, the Troll Death Knight, began the quest for the Orb.
     0 | D:1      | Reached XP level 1. HP: 20/20 MP: 2/2
   274 | D:1      | Reached XP level 2. HP: 28/28 MP: 2/2
   813 | D:2      | Reached skill level 3 in Invocations
   839 | D:2      | Noticed Ijyb
   847 | D:2      | Killed Ijyb
   847 | D:2      | Reached XP level 3. HP: 28/35 MP: 4/4
  1114 | D:2      | Acquired Yredelemnul's second power
  1322 | D:3      | Noticed a centaur
  1326 | D:3      | Shot with an arrow of flame by a centaur

Action                   || total
-------------------------++-------
Melee: Unarmed           ||   105
  Use: Potion            ||     2
